 Dungeon Crawl Stone Soup version 0.31-b1-22-gc680215f68 (webtiles) character file.

Game seed: 4940258273833935179

40 dorian the Changeling (level 3, -2/18 HPs)
             Began as a Vine Stalker Shapeshifter on Jan 18, 2024.
             Slain by a gnoll
             ... wielding a +0 club
              (6 damage)
             ... on level 2 of the Dungeon.
             The game lasted 00:01:25 (829 turns).

dorian the Changeling (Vine Stalker Shapeshifter)    Turns: 829, Time: 00:01:25

Health: -2/18      AC:  2    Str: 18    XL:     3   Next: 50%
Magic:  0/4        EV: 12    Int: 10    God:
Gold:   52         SH:  0    Dex: 13    Spells: 2/2 levels left

rFire   . .          .
                       - Unarmed
rCold   . . .        (no shield)
rNeg    . . .        a - +0 animal skin
rPois   .            (helmet currently unavailable)
rElec   .            (cloak currently unavailable)
rCorr   .            (gloves currently unavailable)
SInv    +            (boots currently unavailable)
Will    +....        (no amulet)
Stlth   +            f - ring of see invisible
HPRegen 1.03/turn    g - ring of willpower
MPRegen 0.09/turn

%: guardian spirit
@: beast-form
A: beast (slay +2), fangs 2, regeneration 1, magic shield, antimagic bite, no
potion heal 2
a: Begin Untransformation


You were on level 2 of the Dungeon.
You were a hulking beast.
You visited 1 branch of the dungeon, and saw 2 of its levels.

You collected 52 gold pieces.

Inventory:

Armour
 a - a +0 animal skin (worn)
Jewellery
 f - a ring of see invisible (left hand)
 g - a ring of willpower (right hand)
 m - an amulet of regeneration
Talismans
 c - a beast talisman
 d - a flux talisman
Scrolls
 h - 3 scrolls of identify {unknown}
 j - a scroll of vulnerability {unknown}
 k - a scroll of fear {unknown}
 n - 2 scrolls of enchant weapon {unknown}
Potions
 b - a potion of lignification
 e - a potion of mutation {unknown}
 i - a potion of invisibility {unknown}
 l - a potion of attraction {unknown}
 o - a potion of curing {unknown}
 p - a potion of might {unknown}
 q - a potion of cancellation {unknown}


   Skills:
 + Level 1.3 Fighting
 + Level 1.8 Dodging
 * Level 3.5 Unarmed Combat
 * Level 3.5 Shapeshifting


You had 2 spell levels left.
You didn't know any spells.
Your spell library contained the following spells:

 Spells                   Type           Power      Damage    Failure   Level
 Sandblast                Erth           0%         2d4       36%         1
 Passwall                 Erth           0%         N/A       75%         3
 Stone Arrow              Conj/Erth      0%         3d7       75%         3
 Brom's Barrelling Bould  Conj/Erth      0%         2d3       98%         4


Dungeon Overview and Level Annotations

Branches:
Dungeon (2/15) Zot: 11174

Altars:


Innate Abilities, Weirdness & Mutations

You are a hulking beast.
Your limbs bulge with bestial killing power. (Slay +2)
You have extremely sharp teeth.
Your natural rate of healing is unusually fast.
When hurt, damage is shared between your health and your magic reserves.
Your bite disrupts and absorbs the magic of your enemies.
Potions cannot restore your health.


Message History

There are monsters nearby!
A gnoll comes into view. It is wielding a +0 whip.
The gnoll shouts! x2
You barely miss the gnoll. The gnoll hits you with a +0 club.
You are too injured to fight recklessly!
You are too injured to fight recklessly!
You are too injured to fight recklessly!
You are too injured to fight recklessly!
You are too injured to fight recklessly!
Unknown command.
You are too injured to fight recklessly!
Unknown command.
You closely miss the gnoll. The gnoll closely misses you.
The gnoll barely misses you.
You closely miss the gnoll. The gnoll barely misses you. x2
You hit the gnoll.
The gnoll is lightly wounded.
The gnoll hits you with a +0 club. x2
The gnoll attacks as it pursues you! The gnoll hits you with a +0 club!
* * * LOW HITPOINT WARNING * * *
The gnoll misses you. The gnoll attacks as it pursues you!
The gnoll barely misses you.
You hit the gnoll but do no damage. Your bite misses the gnoll.
You hit the gnoll. You bite the gnoll. You drain its power.
You feel invigorated.
The gnoll is almost dead.
The gnoll hits you with a +0 club.
* * * LOW HITPOINT WARNING * * *
The gnoll hits you but does no damage.
You hit the gnoll. Your bite misses the gnoll.
The gnoll is moderately wounded.
The gnoll hits you with a +0 club.
* * * LOW HITPOINT WARNING * * *
The gnoll hits you with a +0 club.
* * * LOW HITPOINT WARNING * * *
Unknown command.
You hit the gnoll but do no damage. You bite the gnoll.
You kill the gnoll!
The gnoll hits you with a +0 club!
You die...

..... #......# .#
#####..#.# #......##...#
#......#.####.....†......
#......#........))#......
#......#..........#.#####
#......+........[.#.#
#......#.....##.#.#.#
#....gg#..#####.#....
#......#h.....#.##....
#......)g........ .....
#.......g........ .....
#................#...#.
#####............
#............
####......... #......##
#......#


You could see 2 gnolls.

Vanquished Creatures
  A gnoll (D:2)
  An adder (D:2)
  2 dart slugs
  An orc (D:2)
  An endoplasm (D:1)
  5 goblins
  3 hobgoblins (D:1)
  7 ball pythons
  3 bats (D:1)
  A frilled lizard (D:2)
  A kobold (D:1)
  A rat (D:1)
27 creatures vanquished.

Notes
Turn   | Place    | Note
-------+----------+-------------------------------------------
     0 | D:1      | dorian the Vine Stalker Shapeshifter began the quest for
                  | the Orb.
     0 | D:1      | Reached XP level 1. HP: 9/9 MP: 2/2
   104 | D:1      | Reached skill level 1 in Fighting
   150 | D:1      | Reached XP level 2. HP: 11/14 MP: 3/3
   760 | D:2      | Reached XP level 3. HP: 18/18 MP: 2/4
   829 | D:2      | Slain by a gnoll

Illustrated notes

Levels and vault maps discovered:
D:1:      psy_arrival_dodecagon, layout_loops_ring, feat_on_display
D:2:      layout_basic, shapermc_ecumenical_altar_mp_vishouse

Skill      XL: |  1 |
---------------+----+-----
Fighting       | 1 |  1.3
Dodging        | |  1.8
Unarmed Combat | |  3.5
Shapeshifting  | |  3.5

Action                     || total
---------------------------++-------
  Melee: Unarmed           ||    57
         Bite              ||    13
         Punch             ||     1
   Stab: Sleeping          ||     2
 Armour: Animal skin       ||    29
  Dodge: Dodged            ||    36
